 Dungeon Crawl Stone Soup version 0.19.0-19-g8c6edcc (webtiles) character file.

61668 Elitist the Carver (level 14, -2/85 HPs)
             Began as a High Elf Earth Elementalist on Nov 14, 2016.
             Was an Initiate of the Shining One.
             Shot with an arrow by a centaur (8 damage)
             ... led by a centaur warrior
             ... on level 14 of the Dungeon.
             The game lasted 01:49:20 (36991 turns).

Elitist the Carver (High Elf Earth Elementalist)   Turns: 36991, Time: 01:49:20

Health: -2/85      AC: 10    Str: 10    XL:     14   Next: 61%
Magic:  21/23      EV: 24    Int: 21    God:    the Shining One [......]
Gold:   1289       SH:  0    Dex: 20    Spells: 4 memorised, 9 levels left

rFire  + . .     SeeInvis .     a - +0 great sword (slice)
rCold  . . .     Gourm    +     t - +4 leather armour of Wailik {Dex+5}
rNeg   . . .     Faith    .     (shield currently unavailable)
rPois  +         Spirit   .     (helmet restricted)
rElec  .         Reflect  .     L - +2 cloak {+Inv}
rCorr  .         Harm     .     o - +0 pair of gloves
MR     +....                    (no boots)
Stlth  ++........               j - amulet of the gourmand
                                R - +3 ring of evasion
                                D - ring "Gyru Heu" {rPois rF+}

@: glowing
A: beak, clumsy 1, deformed body, frail 1, subdued magic 2
a: Renounce Religion, Evoke Invisibility


You were on level 14 of the Dungeon.
You worshipped the Shining One.
The Shining One was noncommittal.
You were completely stuffed.

You visited 4 branches of the dungeon, and saw 22 of its levels.
You also visited: Trove and Volcano.

You collected 1829 gold pieces.
You spent 540 gold pieces at shops.

Inventory:

Hand Weapons
 a - a +0 great sword of slicing (weapon)
 b - a +5 triple sword of flaming
 h - a +1 shortbow of flaming
 n - a +2 vampiric demon blade
 y - a +0 dagger of electrocution
 G - the +4 dagger "Morg" {pain, MR+ Int+5}
   (You found it on level 14 of the Dungeon)

   In the hands of one skilled in necromantic magic, it inflicts extra damage on
   living creatures.
   It affects your intelligence (+5).
   It affects your resistance to hostile enchantments.
   The Shining One disapproves of the use of such an item.
Missiles
 q - 7 throwing nets (quivered)
 w - 677 arrows
Armour
 o - a +0 pair of gloves (worn)
 t - the +4 leather armour of Wailik (worn) {Dex+5}
   (You found it on level 5 of the Lair of Beasts)

   It affects your dexterity (+5).
 B - a +2 helmet of intelligence
 L - a +2 cloak of invisibility (worn)
Rods
 N - a +6 lightning rod (10/10)
   (You found it on level 14 of the Dungeon)
Jewellery
 j - an amulet of the gourmand (around neck)
 D - the ring "Gyru Heu" (left hand) {rPois rF+}
   (You found it on level 2 of the Lair of Beasts)

   [ring of protection from fire]

   It protects you from fire.
   It protects you from poison.
 P - an uncursed ring of resist corrosion
 R - a +3 ring of evasion (right hand)
Wands
 c - a wand of acid (7/15)
 g - a wand of slowing (26/48)
 J - a wand of lightning (5/15)
Scrolls
 e - a scroll of holy word {unknown}
 l - 9 scrolls of remove curse
 m - 4 scrolls of teleportation
 x - 2 scrolls of magic mapping
 E - 3 scrolls of immolation
 I - 3 scrolls of fear
 K - 2 scrolls of summoning
 M - 5 scrolls of identify
Potions
 f - a potion of invisibility
 i - 3 potions of agility
 r - 5 potions of heal wounds
 s - a potion of resistance
 v - a potion of flight
 z - 2 potions of haste
 A - a potion of magic
 C - a potion of cancellation
 F - 7 potions of curing
 H - 2 potions of ambrosia
 Q - a potion of lignification
Comestibles
 d - 15 bread rations
 k - 2 fruits
 p - 2 slices of pizza
 u - 8 beef jerkies


   Skills:
 + Level 8.9 Fighting
 - Level 9.2(13.0) Short Blades
 * Level 14.6(15.5) Long Blades
 - Level 3.1 Armour
 + Level 11.6 Dodging
 - Level 10.0 Stealth
 - Level 2.4 Spellcasting
 - Level 4.3 Charms
 - Level 1.6 Translocations
   Level 1.1 Transmutations
 - Level 3.9 Air Magic
 - Level 2.6 Earth Magic
 - Level 11.2 Invocations
 - Level 8.1 Evocations


You had 9 spell levels left.
You knew the following spells:

 Your Spells              Type           Power        Failure   Level  Hunger
a - Inner Flame           Hex/Fire       #.......     52%         3    ###....
b - Blink                 Tloc           N/A          12%         2    ##.....
r - Repel Missiles        Chrm/Air       ##....       3%          2    ##.....
z - Sandblast             Erth           #.....       6%          1    None


Dungeon Overview and Level Annotations

Branches:
Dungeon (14/15)            Temple (1/1) D:7            Lair (5/6) D:11
 Shoals (0/4) Lair:2       Spider (0/4) Lair:3          Orc (2/2) D:10
    Elf (0/3) Orc:2        Vaults (0/5) D:13
  Slime: Lair:5-6

Altars:
Ashenzari
Cheibriados
Dithmenos
Elyvilon
Fedhas
Gozag
Hepliaklqana
Kikubaaqudgha
Makhleb
Nemelex Xobeh
Okawaru
Qazlal
Ru
Sif Muna
Trog
Uskayaw
Vehumet
Xom
Yredelemnul
Zin
The Shining One

Shops:
D:6 !   D:9 !?[


Innate Abilities, Weirdness & Mutations

You have a beak for a mouth.
You are clumsy. (Dex -2)
Armour fits poorly on your strangely shaped body.
You are frail. (-10% HP)
Your spells are easier to cast, but less powerful.


Message History

The centaur shoots an arrow.
The arrow misses you.
The centaur shoots an arrow.
The arrow hits you!
* * * LOW HITPOINT WARNING * * *
The centaur shoots an arrow.
The arrow completely misses you.
You see here 4 arrows.
Unknown command.
The centaur shoots an arrow.
The arrow hits you!
* * * LOW HITPOINT WARNING * * *
Unknown command.
Evoke which item? (* to show all) (? for menu, Esc to quit)
Okay, then.
Casting: Blink
Confirm with . or Enter, or press ? or * to list all spells.
Okay, then.
Casting: Blink
Confirm with . or Enter, or press ? or * to list all spells.
You blink.
The centaur shoots an arrow.
The arrow hits you!
* * * LOW HITPOINT WARNING * * *
The centaur shoots an arrow.
The arrow hits you!
You die...

§≈§≈≈≈≈≈≈≈≈≈....#
≈≈§≈≈§≈§≈≈≈≈§§..##
§≈≈≈≈§≈≈≈≈≈≈≈≈§..#
§≈≈≈....≈≈§≈§§§..#
≈≈...##...≈≈≈≈≈..##
≈≈..####..§§§§≈...#
§..#.(..#.§§§§≈...#
§.##..>(##§§§≈≈§..#
≈.##...(##.§§≈≈≈@.#
≈..#....#..§≈≈≈...#
≈≈..####..§§≈§≈..†#
≈≈...##...≈§≈≈§...#
≈≈≈≈...§≈§≈≈≈§(...#
§≈≈≈≈≈≈≈§§§§≈≈....# ######.
§≈≈§≈≈§≈≈≈≈§§..§#(#########......
≈§≈≈≈§§§§≈§§§...#(cc.cc....).....
..≈§≈≈≈≈§§§....#####coo.........


You could see a centaur.

Vanquished Creatures
  An orc warlord (D:10)
  Josephine (Orc:1)
  A vault guard (D:13)
  4 hydras
  A catoblepas (Lair:4)
  Harold (D:12)
  3 centaur warriors
  3 orc high priests
  4 skeletal warriors (D:11)
  An unseen horror (D:11)
  2 orc knights
  5 hill giants
  4 lindwurms (D:14)
  A necromancer (D:13)
  3 orc sorcerers (Orc:2)
  4 ugly things
  An orb spider (Lair:3)
  2 cyclopes
  A deep elf mage (Orc:2)
  3 salamanders (Volcano)
  A black mamba (Lair:3)
  3 centaur zombies
  9 elephants
  2 spiny frogs (Lair:3)
  2 gargoyles
  2 torpor snails
  3 komodo dragons
  2 kobold demonologists (D:13)
  A freezing wraith (D:13)
  2 polar bears (Lair:2)
  6 trolls
  4 two-headed ogres
  Prince Ribbit (D:7)
  3 slime creatures (D:11)
  A hornet (D:13)
  3 blink frogs (Lair:1)
  8 hippogriffs
  A shadow (D:12)
  3 wyverns
  A water elemental (Orc:1)
  A fire bat (Volcano)
  27 yaks
  4 hogs (D:7)
  A steam dragon (Lair:4)
  Grum (D:9)
  4 wraiths
  A human (D:7)
  3 basilisks
  A hungry ghost (D:7)
  2 vampire mosquitoes (D:13)
  A mottled dragon (D:11)
  3 wargs
  A soldier ant (D:13)
  2 hell hounds (Volcano)
  6 porcupines
  6 water moccasins
  A black bear (D:12)
  Duvessa (D:5)
  29 orc warriors
  2 sky beasts
  5 ice beasts
  2 necrophages
  A phantom (D:8)
  21 wolves
  17 ogres
  19 centaurs
  9 crocodiles
  4 big kobolds
  Dowan (D:5)
  A gnoll sergeant (D:7)
  21 bullfrogs
  A wyvern zombie (D:9)
  3 scorpions
  9 killer bees
  10 wights
  4 howler monkeys
  A bullfrog zombie (D:8)
  2 jellies
  A lava snake (D:9)
  3 crimson imps
  7 hounds
  A quasit (D:11)
  2 centaur skeletons
  18 orc priests
  Crazy Yiuf (D:7)
  3 gnoll shamans (D:13)
  Jessica (D:2)
  7 iguanas
  32 orc wizards
  9 worker ants
  A killer bee zombie (D:9)
  2 hound skeletons
  3 worker ant zombies
  22 gnolls
  20 adders
  A howler monkey skeleton (D:6)
  3 shadow imps
  2 oozes
  4 adder skeletons
  A worm (D:3)
  2 dart slugs
  9 leopard geckos
  71 orcs
  9 giant cockroaches
  11 goblins
  5 hobgoblins
  19 jackals
  2 quokkas
  8 bats
  3 frilled lizards
  30 kobolds
  A quokka skeleton (D:7)
  8 rats
  A butterfly (Lair:4)
  A fungus (D:7)
656 creatures vanquished.

Vanquished Creatures (others)
  A troll (D:13)
  A two-headed ogre (Volcano)
  An orc priest (D:11)
  An orc wizard (Orc:2)
  4 orcs
  9 fungi
  12 plants
29 creatures vanquished.

Grand Total: 685 creatures vanquished

Notes
Turn   | Place    | Note
-------+----------+-------------------------------------------
     0 | D:1      | Elitist the High Elf Earth Elementalist began the quest for the Orb.
     0 | D:1      | Reached XP level 1. HP: 11/11 MP: 4/4
   163 | D:1      | Reached skill level 1 in Short Blades
   181 | D:1      | Reached skill level 1 in Fighting
   181 | D:1      | Reached XP level 2. HP: 6/18 MP: 0/6
   859 | D:2      | Reached XP level 3. HP: 22/23 MP: 7/7
  1498 | D:2      | Found a blossoming altar of Fedhas.
  1504 | D:2      | Found an ancient bone altar of Kikubaaqudgha.
  1655 | D:2      | Reached XP level 4. HP: 23/29 MP: 8/8
  1890 | D:2      | Noticed Jessica
  1895 | D:2      | Killed Jessica
  1971 | D:2      | Found a white marble altar of Elyvilon.
  2220 | D:2      | Became a worshipper of Elyvilon the Healer
  2428 | D:2      | Reached XP level 5. HP: 35/35 MP: 9/9
  2830 | D:3      | Noticed an ice beast
  2858 | D:3      | Killed an ice beast
  2858 | D:3      | Reached skill level 1 in Invocations
  2858 | D:3      | Reached XP level 6. HP: 19/42 MP: 0/10
  3194 | D:3      | Reached skill level 5 in Short Blades
  3514 | D:3      | Found a shattered altar of Ashenzari.
  3880 | D:4      | Reached * piety under Elyvilon
  4514 | D:4      | Learned a level 2 spell: Repel Missiles
  4517 | D:4      | Learned a level 2 spell: Blink
  4790 | D:5      | Entered Level 5 of the Dungeon
  4813 | D:5      | Reached XP level 7. HP: 43/47 MP: 11/11
  4836 | D:5      | Reached ** piety under Elyvilon
  5660 | D:5      | Noticed Duvessa
  5674 | D:5      | Noticed Dowan
  5879 | D:5      | Killed Duvessa
  5884 | D:5      | Killed Dowan
  6232 | D:5      | Reached XP level 8. HP: 48/54 MP: 12/12
  6659 | D:5      | Reached skill level 5 in Fighting
  7162 | D:6      | Found Uceucimn's Distillery.
  7167 | D:6      | Bought a potion of curing for 39 gold pieces
  7167 | D:6      | Bought a potion of heal wounds for 65 gold pieces
  7167 | D:6      | Bought a potion of might for 52 gold pieces
  7167 | D:6      | Bought a potion of ambrosia for 104 gold pieces
  7167 | D:6      | Bought a potion of curing for 39 gold pieces
  7167 | D:6      | Bought a potion of curing for 39 gold pieces
  7431 | D:6      | Reached *** piety under Elyvilon
  7503 | D:6      | Reached skill level 1 in Long Blades
  7841 | D:6      | Reached skill level 5 in Invocations
  8215 | D:7      | Reached skill level 2 in Long Blades
  8215 | D:7      | Reached XP level 9. HP: 40/62 MP: 13/13
  8216 | D:7      | Found a staircase to the Ecumenical Temple.
  8224 | Temple   | Entered the Ecumenical Temple
  8343 | D:7      | Reached skill level 3 in Long Blades
  8620 | D:7      | Reached skill level 4 in Long Blades
  8620 | D:7      | Reached skill level 1 in Armour
  9042 | D:6      | Reached skill level 5 in Long Blades
  9059 | D:6      | HP: 3/62 [poisoned by a scorpion]
  9065 | D:6      | HP: 3/62 [poisoned by a scorpion]
  9073 | D:6      | HP: 2/62 [poisoned by a scorpion]
  9495 | D:7      | Noticed Prince Ribbit
  9523 | D:7      | Killed Prince Ribbit
  9523 | D:7      | Reached skill level 5 in Dodging
  9549 | D:7      | Found a runed door.
  9691 | D:7      | Noticed Crazy Yiuf
  9703 | D:7      | Killed Crazy Yiuf
  9884 | D:7      | Reached skill level 6 in Long Blades
 10329 | D:8      | Reached skill level 7 in Long Blades
 10329 | D:8      | Reached XP level 10. HP: 68/68 MP: 15/15
 10346 | D:8      | Found an iron altar of Okawaru.
 10367 | D:8      | Reached **** piety under Elyvilon
 10387 | D:8      | Found a shadowy altar of Dithmenos.
 10388 | D:8      | Found a hazy altar of Hepliaklqana.
 10389 | D:8      | Found a radiant altar of Vehumet.
 10391 | D:8      | Found a sacrificial altar of Ru.
 11026 | D:9      | Noticed Grum
 11047 | D:8      | Reached skill level 1 in Evocations
 11253 | D:9      | Found Soepafae's Antique Armour Boutique.
 11292 | D:9      | Reached skill level 8 in Long Blades
 11542 | D:9      | Found Vus Ukhu's Magic Scroll Boutique.
 11549 | D:9      | Bought a scroll of enchant weapon for 90 gold pieces
 11656 | D:9      | Reached skill level 1 in Charms
 12055 | D:9      | Found Dengonuw's Distillery.
 12063 | D:9      | Reached skill level 1 in Air Magic
 12122 | D:9      | Reached ***** piety under Elyvilon
 12212 | D:9      | Killed Grum
 12382 | D:10     | Entered Level 10 of the Dungeon
 12505 | D:10     | Found a staircase to the Orcish Mines.
 12590 | D:10     | Reached skill level 1 in Translocations
 12666 | D:10     | Noticed a hill giant
 12683 | D:10     | Killed a hill giant
 13141 | D:10     | Reached skill level 9 in Long Blades
 13346 | D:11     | Noticed a red ugly thing
 13350 | D:11     | Noticed a cyclops
 13467 | Orc:1    | Entered Level 1 of the Orcish Mines
 13585 | Orc:1    | Noticed Josephine
 13714 | D:11     | Noticed a hill giant
 13750 | D:11     | Killed a hill giant
 14132 | D:11     | Reached XP level 11. HP: 50/73 MP: 17/17
 14247 | D:11     | Noticed a brown ugly thing
 14633 | Orc:1    | Killed Josephine
 14705 | Orc:1    | Noticed an orc knight
 14771 | D:10     | Killed an orc knight
 14920 | D:10     | Reached skill level 10 in Long Blades
 16236 | D:11     | Killed a red ugly thing
 16480 | D:11     | Killed a red ugly thing
 16618 | D:11     | Reached skill level 11 in Long Blades
 16787 | D:11     | Noticed a skeletal warrior
 16790 | D:11     | Noticed a skeletal warrior
 17064 | D:11     | Killed a skeletal warrior
 17314 | D:11     | Noticed a skeletal warrior
 17326 | D:11     | Noticed a skeletal warrior
 17341 | D:11     | Killed an unseen horror
 18203 | Orc:2    | Entered Level 2 of the Orcish Mines
 18277 | Orc:2    | Reached XP level 12. HP: 78/81 MP: 16/19
 18401 | Orc:2    | Found a staircase to the Elven Halls.
 18496 | Orc:2    | Reached skill level 12 in Long Blades
 18621 | Orc:1    | Noticed an orc warlord
 18837 | D:10     | Reached skill level 5 in Stealth
 18837 | D:10     | Reached skill level 5 in Evocations
 19165 | D:10     | Killed an orc warlord
 20453 | D:11     | Found a staircase to the Lair.
 20534 | Lair:1   | Entered Level 1 of the Lair of Beasts
 20631 | Lair:1   | Reached skill level 13 in Long Blades
 20671 | Lair:1   | Found an iron altar of Okawaru.
 21815 | Lair:2   | Reached ****** piety under Elyvilon
 21903 | Lair:2   | Noticed a five-headed hydra
 21923 | Lair:2   | Found a staircase to the Shoals.
 21933 | Lair:2   | Killed a five-headed hydra
 22373 | Lair:2   | Got a clouded amber ring
 22374 | Lair:2   | Identified the ring "Gyru Heu" {rPois rF+} (You found it on level 2 of the Lair of Beasts)
 22456 | Lair:2   | Reached skill level 14 in Long Blades
 22702 | Lair:2   | Learned a level 3 spell: Inner Flame
 22843 | Lair:2   | HP: 3/81 [polar bear (18)]
 23674 | Lair:3   | Found a dark tunnel.
 23754 | Volcano  | Entered a volcano
 23787 | Volcano  | Reached XP level 13. HP: 50/86 MP: 20/20
 24893 | Lair:3   | Found a runed door.
 24920 | Lair:3   | Found a hole to the Spider Nest.
 25766 | Lair:3   | Got a crude chain mail
 25777 | Lair:3   | Identified the +4 chain mail of the Snake Pit {rC++} (You found it on level 3 of the Lair of Beasts)
 25796 | Lair:3   | Gained mutation: Your spells are a little easier to cast, but a little less powerful. [potion of mutation]
 25796 | Lair:3   | Gained mutation: You are clumsy. (Dex -2) [potion of mutation]
 28084 | Lair:5   | Got a warped leather armour
 28085 | Lair:5   | Identified the +4 leather armour of Wailik {Dex+5} (You found it on level 5 of the Lair of Beasts)
 28497 | Orc:2    | Gained mutation: You are frail. (-10% HP) [a neqoxec]
 29961 | Orc:2    | Noticed an orc warlord
 29991 | Orc:2    | Reached skill level 10 in Invocations
 30448 | Orc:2    | Paralysed by an orc sorcerer for 7 turns
 30785 | Orc:2    | Paralysed by an orc sorcerer for 2 turns
 31293 | D:11     | Reached skill level 10 in Stealth
 31624 | D:12     | Reached XP level 14. HP: 74/85 MP: 19/22
 32350 | D:12     | Reached skill level 10 in Dodging
 32400 | D:12     | Gained mutation: Armour fits poorly on your strangely shaped body. [potion of mutation]
 32400 | D:12     | Gained mutation: You have a beak for a mouth. [potion of mutation]
 32400 | D:12     | Gained mutation: Your spells are easier to cast, but less powerful. [potion of mutation]
 32957 | D:12     | Noticed Harold
 32979 | D:12     | Killed Harold
 33607 | D:13     | Found a gate to the Vaults.
 34921 | D:13     | Found a portal to a secret trove of treasure.
 34953 | Trove    | Entered a treasure trove
 34961 | Trove    | Got an iridescent triple sword
 34963 | Trove    | Got a translucent long sword
 34975 | Trove    | Got a dazzling flail
 34998 | D:13     | Identified the +0 triple sword "Elf's Regret" {freeze, rF- Str+5} (You found it in a treasure trove)
 34999 | D:13     | Identified the +0 long sword "Ceptymo" {slice, Int+6} (You found it in a treasure trove)
 35012 | D:13     | Identified the +1 flail of Disaster {flame, *Slow +Inv Stlth+} (You found it in a treasure trove)
 35209 | D:9      | Bought a potion of invisibility for 112 gold pieces
 35546 | Temple   | Fell from the grace of Elyvilon
 35546 | Temple   | Became a worshipper of the Shining One
 36991 | D:14     | Shot with an arrow by a centaur

Skill      XL: |  1  2  3  4  5  6  7  8  9 10 11 12 13 14 |
---------------+-------------------------------------------+-----
Short Blades   | 1 2 3 4 6 7 9 |  9.2
Fighting       | 1 2 3 4 5 6 7 8 |  8.9
Dodging        | 3 5 6 9 11 | 11.6
Invocations    | 1 2 3 5 6 7 9 10 11 | 11.2
Long Blades    | 2 7 9 11 14 | 14.6
Armour         | 3 |  3.1
Evocations     | 2 4 7 8 |  8.1
Charms         | 3 4 |  4.3
Air Magic      | 2 3 |  3.9
Translocations | 1 |  1.6
Stealth        | 4 7 10 | 10.0
Spellcasting   | |  2.4
Transmutations | |  1.1
Earth Magic    | |  2.6

Action                   |  1- 3 |  4- 6 |  7- 9 | 10-12 | 13-15 || total
-------------------------+-------+-------+-------+-------+-------++-------
Melee: Dagger            |    92 |   222 |   439 |   901 |    22 ||  1676
       Whip              |     2 |       |       |       |       ||     2
       Scimitar          |       |       |   250 |   611 |   696 ||  1557
       Quick blade       |       |       |       |       |   362 ||   362
       Peck              |       |       |       |       |   112 ||   112
       Great sword       |       |       |       |       |    87 ||    87
 Fire: Shortbow          |       |       |       |       |    16 ||    16
Throw: Javelin           |       |       |     4 |    11 |     1 ||    16
       Tomahawk          |       |       |     1 |       |       ||     1
 Cast: Sandblast         |    12 |    11 |     2 |       |       ||    25
       Repel Missiles    |       |       |       |     4 |     1 ||     5
       Blink             |       |       |       |       |     2 ||     2
Invok: Lesser Healing    |       |     1 |       |     1 |       ||     2
       Greater Healing   |       |       |       |     8 |     3 ||    11
       Heal Other        |       |       |       |     1 |     5 ||     6
 Abil: Evoke Invisibilit |       |       |       |    28 |    22 ||    50
       Turn Visible      |       |       |       |     6 |     9 ||    15
Evoke: Wand              |       |       |     9 |     3 |    17 ||    29
       Rod               |       |       |       |       |     5 ||     5
  Use: Potion            |     1 |     1 |       |     2 |    11 ||    15
       Scroll            |     1 |     6 |     7 |     7 |    11 ||    32
 Stab: Sleeping          |     2 |     8 |     1 |     5 |    15 ||    31
       Distracted        |       |     1 |       |     1 |     7 ||     9
       Confused          |       |       |     2 |       |       ||     2
       Invisible         |       |       |       |    90 |    74 ||   164
  Eat: Chunk             |     3 |     9 |    39 |    59 |    62 ||   172
Armor: Robe              |    22 |       |       |       |       ||    22
       Ring mail         |    16 |    58 |   238 |   358 |    14 ||   684
       Leather armour    |       |       |       |       |   159 ||   159
       Skin              |       |       |       |       |    10 ||    10
Dodge: Dodged            |   100 |    88 |   313 |   901 |   889 ||  2291
       Deflected         |       |       |       |    13 |     3 ||    16
       Rpst.: Scimitar   |       |       |    43 |   120 |   167 ||   330
       Great sword       |       |       |       |       |    21 ||    21
